AoeStats
← waw15

Hideout

503665165Analyzed
4v4 RM · 1mo ago on Sep 1, 2026· 38m 19s· 8 players
Game mode
Random Map
Map size
Large (8 player)
Population
200
Speed
Normal
Resources
Standard
Victory
Conquest
Starting age
Dark Age
Ending age
Imperial Age
RankedLock teamsTeams togetherTeam positionsShared explorationLock speedFull tech treeHidden civsTurbo modeCheats
Victory
Defeat
🇺🇸 Bulgarians · United States
993
+14
🇲🇽 Tatars · Mexico
970
+15
🇺🇸 Romans · United States
849
+21
🇺🇸 Celts · United States
847
+21
🇬🇧 Georgians · United Kingdom
999
-20
🇵🇱 Byzantines · Poland
970
-19
🇨🇦 Magyars · Canada
945
-17
🇬🇧 Maya · United Kingdom
918
-16
Testing_123
8:51 Feudal Age
9:18 Double-Bit Axe
13:28 Scale Barding Armor
17:17 Bloodlines
16:55 Loom
18:10 Wheelbarrow
22:05 Castle Age
21:18 Stone Mining
21:23 Gold Mining
23:11 Husbandry
25:10 Chain Barding Armor
25:23 Hand Cart
26:59 Fletching
27:29 Bow Saw
27:42 Corvinian Army
28:54 Bodkin Arrow
31:00 Gold Shaft Mining
33:42 Imperial Age
31:50 Padded Archer Armor
31:41 Horse Collar
33:54 Masonry
34:06 Ballistics
35:38 Bracer
waw15
9:57 Feudal Age
12:24 Loom
15:36 Castle Age
15:34 Double-Bit Axe
15:36 Horse Collar
25:34 Heavy Plow
26:22 Bow Saw
26:08 Crossbowman
34:37 Imperial Age
33:37 Wheelbarrow
33:00 Fletching
33:21 Forging
33:12 Padded Archer Armor
33:21 Thumb Ring
33:42 Hul'che Javelineers
34:00 Gold Mining
34:17 Bodkin Arrow
34:12 Elite Skirmisher
37:23 Bracer
37:59 Iron Casting
37:47 Ballistics
Ninja
10:54 Feudal Age
12:34 Loom
15:24 Castle Age
14:09 Double-Bit Axe
14:07 Horse Collar
16:07 Wheelbarrow
17:53 Scale Barding Armor
20:36 Forging
27:34 Hand Cart
27:34 Bow Saw
27:26 Heavy Plow
27:30 Town Watch
29:33 Gold Mining
29:34 Stone Mining
34:29 Imperial Age
33:25 Padded Archer Armor
34:49 Stone Shaft Mining
34:51 Iron Casting
34:35 Leather Archer Armor
34:41 Ballistics
34:44 Treadmill Crane
36:15 Chemistry
35:12 Fletching
35:43 Chain Barding Armor
35:27 Treadmill Crane
35:17 Capped Ram
36:26 Bodkin Arrow
37:07 Iron Casting
37:08 Plate Barding Armor
37:09 Conscription
PiotrekEs
10:23 Feudal Age
10:14 Loom
10:51 Double-Bit Axe
17:07 Castle Age
24:40 Bow Saw
27:36 Horse Collar
32:28 Imperial Age
31:18 Fletching
34:57 Conscription
37:40 Two-Man Saw
36:43 Heavy Plow
M3TAL JUNKI3xXx
0:28 Loom
11:21 Feudal Age
11:53 Double-Bit Axe
11:54 Horse Collar
12:02 Town Watch
19:01 Scale Mail Armor
19:11 Forging
18:52 Fletching
18:48 Man-at-Arms
24:09 Castle Age
24:18 Pikeman
25:16 Chain Mail Armor
26:24 Bow Saw
26:20 Heavy Plow
26:14 Gold Mining
26:15 Stone Mining
27:41 Wheelbarrow
27:08 Long Swordsman
29:58 Hand Cart
31:19 Iron Casting
31:16 Squires
32:55 Bodkin Arrow
35:48 Gold Shaft Mining
Gauntlet
11:48 Feudal Age
12:33 Double-Bit Axe
14:52 Horse Collar
16:10 Scale Mail Armor
16:21 Loom
20:04 Wheelbarrow
19:23 Gold Mining
22:06 Forging
25:47 Castle Age
24:40 Fletching
24:56 Man-at-Arms
25:32 Arson
25:56 Pikeman
25:57 Long Swordsman
27:01 Chain Mail Armor
28:27 Iron Casting
30:45 Bow Saw
30:43 Heavy Plow
31:50 Scale Barding Armor
31:38 Town Watch
37:32 Gambesons
Thorin escudo de Roble
9:57 Feudal Age
15:40 Castle Age
14:09 Double-Bit Axe
15:03 Stone Mining
16:43 Wheelbarrow
22:17 Gold Mining
23:33 Hand Cart
24:09 Gold Shaft Mining
24:56 Horse Collar
25:58 Bow Saw
26:22 Fletching
28:02 Bodkin Arrow
31:19 Imperial Age
28:58 Padded Archer Armor
29:35 Heavy Plow
29:52 Leather Archer Armor
30:26 Silk Armor
32:19 Ballistics
32:31 Conscription
31:34 Heavy Cavalry Archer
33:31 Bracer
34:09 Ring Archer Armor
34:39 Siege Engineers
38:02 Bloodlines
37:52 Husbandry
Struggler
2:55 Loom
13:55 Feudal Age
14:26 Double-Bit Axe
14:29 Arson
15:24 Forging
16:59 Scale Mail Armor
21:14 Stone Mining
23:52 Castle Age
25:44 Iron Casting
25:18 Squires
25:09 Horse Collar
26:23 Wheelbarrow
26:05 Town Watch
27:23 Town Watch
28:47 Bow Saw
29:55 Hand Cart
30:27 Gold Mining
30:41 Heavy Plow
33:10 Gold Shaft Mining
32:45 Gambesons
37:21 Imperial Age
35:26 Chain Mail Armor
35:48 Town Patrol
36:42 Pikeman
39:11 Blast Furnace
Connection lost

Rejoining the realm…

Still unreachable

The connection could not be restored.

Session expired

The server has moved on; the page needs a fresh start.